 Dungeon Crawl Stone Soup version 0.17-a0-1301-ga863c44 (webtiles) character file.

371 Fluffy the Covered (level 6, -2/40 HPs)
             Began as a Gargoyle Fighter on June 7, 2015.
             Slain by an ogre
             ... wielding a +0 giant spiked club
              (19 damage)
             ... on level 4 of the Dungeon.
             The game lasted 00:04:44 (2772 turns).

Fluffy the Covered (Gargoyle Fighter)               Turns: 2772, Time: 00:04:45

Health: -2/40      AC: 16    Str: 19    XL:     6   Next: 71%
Magic:  6/6        EV:  7    Int:  9    God:
Gold:   201        SH:  9    Dex: 11    Spells: 0 memorised, 5 levels left

rFire  . . .     SeeInvis .     a - +0 flail
rCold  . . .     Clarity  +     b - +0 scale mail
rNeg   + . .     SustAt   .     c - +0 shield
rPois  ∞         Gourm    .     w - +0 helmet
rElec  +         Spirit   .     (no cloak)
rCorr  .         Warding  .     (no gloves)
rMut   .         Stasis   .     y - +2 pair of boots
MR     +....                    v - amulet of clarity
Stlth  +.........               A - ring of stealth
                                s - ring of protection from magic

@: somewhat resistant to hostile enchantments, very unstealthy
A: negative energy resistance 1, electricity resistance, unbreathing,
petrification resistance, rot immunity, AC +4
a: no special abilities


You were on level 4 of the Dungeon.
You were hungry.

You visited 1 branch of the dungeon, and saw 4 of its levels.

You collected 201 gold pieces.

Inventory:

Hand weapons
 a - a +0 flail (weapon)
Armour
 b - a +0 scale mail (worn)
 c - a +0 shield (worn)
 w - a +0 helmet (worn)
 y - a +2 pair of boots (worn)
Jewellery
 s - a ring of protection from magic (left hand)
 v - an amulet of clarity (around neck)
 A - a ring of stealth (right hand)
Scrolls
 f - a scroll of enchant weapon {unknown}
 g - a scroll of immolation {unknown}
 h - 5 scrolls of remove curse {unknown}
 i - a scroll of random uselessness {unknown}
 j - a scroll of magic mapping {unknown}
 k - 2 scrolls of fog {unknown}
 n - 4 scrolls of teleportation {unknown}
 p - a scroll of fear {unknown}
 q - 2 scrolls of amnesia {unknown}
 t - a scroll of identify {unknown}
 u - 2 scrolls of noise {unknown}
Potions
 d - 2 potions of might
 l - 3 potions of curing {unknown}
 m - a potion of lignification {unknown}
 o - 3 potions of haste {unknown}
 r - 2 potions of brilliance {unknown}
 x - a potion of berserk rage {unknown}
 z - a potion of degeneration {unknown}
Comestibles
 e - 3 bread rations


   Skills:
 + Level 4.8 Fighting
 + Level 3.8 Maces & Flails
 + Level 5.0 Armour
 + Level 4.8 Shields


You had 5 spell levels left.
You didn't know any spells.

Dungeon Overview and Level Annotations

Branches:
Dungeon (4/15)
 Temple: D:4-7

Altars:
Elyvilon
Makhleb
Sif Muna
Yredelemnul
Zin
The Shining One


Innate Abilities, Weirdness & Mutations

You are resistant to torment.
Your stone body is resilient (AC +4).
You are immune to poison.
You resist negative energy.
You are resistant to electric shocks.
You can survive without breathing.
You are immune to petrification.
You are immune to rotting.


Message History

You block the ogre's attack.
You completely miss the ogre.
The ogre is lightly wounded.
You block the ogre's attack.
You barely miss the ogre.
The ogre is lightly wounded.
The ogre hits you with a giant spiked club.
You hit the ogre.
The ogre is lightly wounded.
The ogre barely misses you.
You sock the ogre!
The ogre is heavily wounded.
You block the ogre's attack.
You sock the ogre!
The ogre is severely wounded.
The ogre hits you with a giant spiked club!
You sock the ogre!
The ogre is almost dead.
The ogre hits you with a giant spiked club!!
You die...

##.##.#.#####....#.#........#≈♣♣#
.......# ##.....#........≈♣≈♣≈
.##.#.## ##....#......≈♣♣≈P≈≈
.##...# #..........♣≈♣≈≈≈≈≈
......# #....#.....≈≈≈≈♣≈≈P
.###..# #....#.###≈≈≈≈P≈≈≈P
......## #....#.# #≈≈≈≈≈P≈♣P
.###...# ###.#.##.# #≈≈≈≈♣≈≈≈P
####.#.### #..O@....###♣≈≈≈P≈≈≈≈
.........#.#.##.#.....#♣≈≈P♣≈≈≈≈≈
.#.......#.#. #.#.....#≈♣≈≈≈≈≈≈≈≈
.#.#......... ..#.....#P≈≈≈≈≈≈≈≈≈
...........#.####......♣♣≈≈≈≈≈≈≈≈
##.#.......#.## #......≈♣≈≈≈≈≈≈≈≈
..............# #.#..##P≈P≈≈≈≈≈≈≈
+#+#......#...###.#..##♣♣P≈≈≈≈≈≈≈
..........#...'...#..# ♣≈♣≈≈≈≈≈≈≈


You could see an ogre.

Vanquished Creatures
  Menkaure (D:4)
  2 orc wizards (D:3)
  An orc priest (D:3)
  Ijyb (D:3)
  A hound (D:3)
  3 adders
  A worm (D:3)
  3 giant geckos
  3 orcs (D:3)
  5 bats
  A bat skeleton (D:4)
  2 giant cockroaches
  11 hobgoblins
  11 jackals
  4 kobolds
  2 quokkas
  5 giant newts
  6 goblins
  6 rats
69 creatures vanquished.

Vanquished Creatures (others)
  An orc wizard (D:3)
1 creature vanquished.

Grand Total: 70 creatures vanquished

Notes
Turn   | Place    | Note
--------------------------------------------------------------
     0 | D:1      | Fluffy the Gargoyle Fighter began the quest for the Orb.
     0 | D:1      | Reached XP level 1. HP: 14/14 MP: 1/1
    61 | D:1      | Reached XP level 2. HP: 19/19 MP: 2/2
   453 | D:1      | Reached XP level 3. HP: 21/23 MP: 3/3
   865 | D:2      | Found a deep blue altar of Sif Muna.
  1320 | D:3      | Reached XP level 4. HP: 29/29 MP: 4/4
  1332 | D:3      | Reached skill level 4 in Fighting
  1347 | D:3      | Reached XP level 5. HP: 15/33 MP: 5/5
  1880 | D:3      | Noticed Ijyb
  1894 | D:3      | Killed Ijyb
  2083 | D:3      | Found a burning altar of Makhleb.
  2083 | D:3      | Noticed a cacodemon
  2146 | D:3      | Reached XP level 6. HP: 37/39 MP: 6/6
  2490 | D:4      | Found a white marble altar of Elyvilon.
  2491 | D:4      | Found a glowing silver altar of Zin.
  2491 | D:4      | Found a glowing golden altar of the Shining One.
  2491 | D:4      | Found a basalt altar of Yredelemnul.
  2539 | D:4      | Noticed Menkaure
  2548 | D:4      | Killed Menkaure
  2548 | D:4      | Reached skill level 5 in Armour
  2772 | D:4      | Slain by an ogre

Vault maps used:
D:1:      dpeg_arrival_concentric_ovals, minmay_misc_feat_iff, nrook_uturn
D:2:      nicolae_overflow_crystal_walls
D:3:      makhleb_altar_promises_db, uniq_iyjb
D:4:      minitemple, lemuel_round_altar, serial_bayou_lake_a, uniq_menkaure

Action                   |  1- 3 |  4- 6 || total
-------------------------+-------+-------++-------
Melee: Flail             |   188 |   128 ||   316
  Eat: Chunk             |     2 |     4 ||     6
